 Dungeon Crawl Stone Soup version 0.31-a0-1628-gdde2bdd (webtiles) character file.

Game seed: 7108362785822987793

1813 PidgeyThePirate the Cutter (level 8, -5/61 HPs)
             Began as a Demonspawn Monk on Jan 12, 2024.
             Was a Priest of Nemelex Xobeh.
             Slain by an ogre
             ... wielding a +0 giant spiked club
              (24 damage)
             ... on level 5 of the Dungeon.
             The game lasted 00:12:43 (4395 turns).

PidgeyThePirate the Cutter (Demonspawn Monk)        Turns: 4395, Time: 00:12:43

Health: -5/61      AC:  9    Str: 14    XL:     8   Next: 84%
Magic:  11/11      EV: 19    Int: 10    God:    Nemelex Xobeh [***...]
Gold:   236        SH:  0    Dex: 16    Spells: 7/7 levels left

rFire   . . .        B - +1 rapier (speed)
rCold   . . .        (no shield)
rNeg    . . .        c - +0 ring mail
rPois   .            (no helmet)
rElec   .            E - +1 cloak
rCorr   .            (no gloves)
SInv    +            g - +0 pair of boots
Will    .....        h - amulet of regeneration
Stlth   +            l - ring of see invisible
HPRegen 1.10/turn    x - +5 ring of evasion
MPRegen 0.12/turn

%: no passive effects
@: no status effects
A: repulsion field 1, powered by death 2, demonic touch 1
a: Renounce Religion, Draw Escape, Draw Destruction, Draw Summoning, Triple Draw


You were on level 5 of the Dungeon.
You worshipped Nemelex Xobeh.
Nemelex Xobeh was most pleased with you.
You visited 1 branch of the dungeon, and saw 5 of its levels.
You also visited: Ossuary.

You collected 236 gold pieces.

Inventory:

Hand Weapons
 a - a +0 short sword
 s - a +0 dagger of venom
 B - a +1 rapier of speed (weapon)
Missiles
 n - 3 boomerangs (quivered)
 t - a throwing net
Armour
 b - a +0 robe
 c - a +0 ring mail (worn)
 d - an orb of light
 g - a +0 pair of boots (worn)
 o - a +0 leather armour
 E - a +1 cloak (worn)
Jewellery
 h - an amulet of regeneration (around neck)
 l - a ring of see invisible (left hand)
 x - a +5 ring of evasion (right hand)
 z - a ring of positive energy
Talismans
 q - a storm talisman
Scrolls
 f - a scroll of butterflies {unknown}
 i - 2 scrolls of revelation {unknown}
 k - a scroll of vulnerability {unknown}
 m - a scroll of immolation {unknown}
 u - a scroll of amnesia {unknown}
 y - a scroll of poison {unknown}
 D - a scroll of fear {unknown}
 F - a scroll of teleportation {unknown}
Potions
 e - 3 potions of might {unknown}
 j - 3 potions of mutation {unknown}
 p - a potion of cancellation {unknown}
 r - 3 potions of lignification {unknown}
 v - 4 potions of curing
 w - a potion of brilliance {unknown}
 A - a potion of degeneration {unknown}
 C - a potion of berserk rage {unknown}


   Skills:
 + Level 4.9 Fighting
 * Level 7.6 Short Blades
 + Level 1.0 Throwing
 + Level 3.7 Armour
 + Level 4.3 Dodging
 + Level 0.8 Stealth
 * Level 5.2 Invocations


You had 7 spell levels left.
You didn't know any spells.
Your spell library contained the following spells:

 Spells                   Type           Power      Damage    Failure   Level
 Necrotise                Necr           0%         1d4       58%         1
 Ensorcelled Hibernation  Hex/Ice        0%         N/A       73%         2
 Fugue of the Fallen      Necr           0%         N/A       91%         3
 Anguish                  Hex/Necr       0%         N/A       100%        4


Dungeon Overview and Level Annotations

Branches:
Dungeon (5/15)            Ossuary (visited)
 Temple: D:4-7

Altars:
Gozag
Nemelex Xobeh


Innate Abilities, Weirdness & Mutations

You are surrounded by a mild repulsion field. (EV +2)
You regenerate health from kills.
Your touch may inflict minor irresistible damage on your foes.


Message History

You puncture Blork!
You kill Blork!
Blork returns to his original shape as he dies.
You see here the orc corpse of Blork.
Things that are here:
a +1 war axe of venom; a +2 robe of willpower Magic restored.
A hound comes into view.
A hound is nearby!
You puncture the hound!
The hound is heavily wounded.
The hound misses you.
You hit the hound.
The hound is almost dead.
The hound bites you.
You hit the hound but do no damage.
You touch the hound.
You kill the hound!
You see here a hound corpse.
An ogre comes into view. It is wielding a +0 giant spiked club.
An ogre is nearby!
The ogre shouts!
You barely miss the ogre. You puncture the ogre!
The ogre is moderately wounded.
The ogre hits you with a +0 giant spiked club!
You barely miss the ogre.
The ogre is moderately wounded.
You hit the ogre.
The ogre is heavily wounded.
You hit the ogre but do no damage.
The ogre is heavily wounded.
The ogre hits you with a +0 giant spiked club!!
Ouch! That really hurt!
* * * LOW HITPOINT WARNING * * *
You barely miss the ogre.
The ogre is heavily wounded.
The ogre attacks as it pursues you!
The ogre hits you with a +0 giant spiked club!!
You die...
Your body disappears without a glow.

###### #...#
#..#.#######.#######
#.....#...##.......# .
.........##.###.#.##
..### #..##.###.# #.#..#
......#.....#.#†###.##.#
......#...#†#..)....#..##
...8.....##...#####.#...#
.......O@##..............
...8....###..............
........................#
.8.8.8...................
..............#..........
....##.##..............#.
##.# #. ..#..........##..
.. ## ............#...
............


You could see an ogre.

Vanquished Creatures
  Prince Ribbit (D:5)
  Sigmund (D:2)
  Eustachio (D:4)
  A black bear (D:4)
  2 ogres
  A centaur (D:5)
  2 scorpions (Ossuary)
  2 bombardier beetles (D:4)
  4 centaur zombies (Ossuary)
  3 hounds
  A human zombie (Ossuary)
  Crazy Yiuf (D:3)
  A gnoll bouda (D:5)
  2 sleepcaps (D:4)
  An orc wizard (D:4)
  3 scorpion zombies (Ossuary)
  Natasha (thrice) (D:4)
  An iguana (D:4)
  3 mummies (Ossuary)
  6 gnolls
  2 adders
  A white imp (D:5)
  An adder zombie (Ossuary)
  4 dart slugs
  2 ribbon worms (D:3)
  11 orcs
  10 endoplasms
  3 giant cockroaches
  11 goblins
  6 hobgoblins
  6 jackals
  7 kobolds
  7 quokkas
  3 ball pythons
  A ball python zombie (Ossuary)
  3 bats
  A frilled lizard (D:1)
  3 gnoll zombies (Ossuary)
  3 jackal zombies (Ossuary)
  4 orc zombies (Ossuary)
  A rat (D:1)
130 creatures vanquished.

Notes
Turn   | Place    | Note
-------+----------+-------------------------------------------
     0 | D:1      | PidgeyThePirate the Demonspawn Monk began the quest for the
                  | Orb.
     0 | D:1      | Reached XP level 1. HP: 18/18 MP: 1/1
   126 | D:1      | Gained mutation: You regenerate a little health from kills.
                  | [demonic ancestry]
   126 | D:1      | Reached XP level 2. HP: 23/24 MP: 2/2
   128 | D:1      | Reached skill level 3 in Short Blades
   480 | D:1      | Gained mutation: You are surrounded by a mild repulsion
                  | field. (EV +2) [demonic ancestry]
   480 | D:1      | Reached XP level 3. HP: 26/29 MP: 3/3
   532 | D:1      | Found a faded altar of an unknown god.
   538 | D:1      | Reached skill level 1 in Invocations
   543 | D:1      | Got Plato's Codex of the Catacomb
  1002 | D:2      | Reached XP level 4. HP: 13/35 MP: 3/5
  1147 | D:2      | Reached skill level 1 in Throwing
  1357 | D:2      | Noticed Sigmund
  1479 | D:3      | Found a runed translucent door.
  1480 | D:3      | Noticed Crazy Yiuf
  1768 | D:3      | Found a sparkling altar of Nemelex Xobeh.
  1769 | D:3      | Found an opulent altar of Gozag.
  1783 | D:3      | Became a worshipper of Nemelex Xobeh the Trickster
  1783 | D:3      | Reached * piety under Nemelex Xobeh
  1783 | D:3      | Received a gift from Nemelex Xobeh
  1783 | D:3      | Reached ** piety under Nemelex Xobeh
  2090 | D:4      | Reached skill level 1 in Armour
  2090 | D:4      | Gained mutation: Your touch may inflict minor irresistible
                  | damage on your foes. [demonic ancestry]
  2090 | D:4      | Reached XP level 5. HP: 25/41 MP: 6/6
  2300 | D:4      | Reached skill level 4 in Short Blades
  2421 | D:4      | Found a sand-covered staircase.
  2425 | D:4      | Noticed a black bear
  2431 | Ossuary  | Entered an ossuary
  2536 | Ossuary  | Gained mutation: You regenerate health from kills. [demonic
                  | ancestry]
  2536 | Ossuary  | Reached XP level 6. HP: 44/48 MP: 7/7
  2700 | Ossuary  | Reached skill level 5 in Short Blades
  2707 | Ossuary  | Reached XP level 7. HP: 46/54 MP: 7/9
  2915 | D:4      | Noticed Eustachio
  2941 | D:4      | Killed Eustachio
  3005 | D:4      | Received a gift from Nemelex Xobeh
  3268 | D:4      | Noticed Natasha
  3279 | D:4      | Killed Natasha
  3305 | D:4      | Reached skill level 6 in Short Blades
  3421 | D:4      | Reached *** piety under Nemelex Xobeh
  3448 | D:4      | Noticed Natasha
  3455 | D:4      | Killed Natasha
  3663 | D:5      | Entered Level 5 of the Dungeon
  3742 | D:4      | Noticed Natasha
  3753 | D:4      | Killed Natasha
  3754 | D:4      | Reached XP level 8. HP: 59/61 MP: 11/11
  3833 | D:2      | Killed Sigmund
  3895 | D:3      | Killed Crazy Yiuf
  4143 | D:5      | Received a gift from Nemelex Xobeh
  4185 | D:5      | Reached skill level 7 in Short Blades
  4225 | D:5      | Noticed Prince Ribbit
  4265 | D:5      | Killed Prince Ribbit
  4266 | D:5      | Reached skill level 5 in Invocations
  4325 | D:5      | Noticed Blork the orc
  4342 | D:5      | Blork the orc changed into Blork the ball python
  4342 | D:5      | Noticed Blork
  4344 | D:5      | Killed Blork the ball python
  4395 | D:5      | Slain by an ogre

Illustrated notes

Levels and vault maps discovered:
D:1:      minmay_arrival_glassed_features, layout_rooms,
          shapermc_ecumenical_altar_rom_forum
D:2:      layout_loops_ring, minmay_misc_feat_cross, uniq_sigmund, uniq_terence
D:3:      layout_rooms, grunt_temple_overflow_opulence, uniq_crazy_yiuf_cottage
D:4:      layout_gridville, nicolae_ossuary_entry_ruins, uniq_eustachio,
          uniq_natasha
D:5:      layout_cave_pools, serial_shops, shop, serial_column_ruins,
          column_ruins_columns_plus, column_ruins_open_large,
          column_ruins_grid_3, column_ruins_columns_T,
          column_ruins_corridor_straight, column_ruins_columns_straight,
          grunt_ministairs_14, minmay_misc_feat_encased, uniq_menkaure,
          uniq_pikel, uniq_prince_ribbit1, uniq_blork_the_orc

Skill      XL: |  1  2  3  4  5  6  7  8 |
---------------+-------------------------+-----
Short Blades   | 3 4 5 6 7 |  7.6
Invocations    | 1 3 4 5 |  5.2
Dodging        | 3 4 |  4.3
Throwing       | 1 |  1.0
Armour         | 1 2 3 |  3.7
Fighting       | 4 |  4.9
Stealth        | |  0.8

Action                     |  1- 3 |  4- 6 |  7- 9 || total
---------------------------+-------+-------+-------++-------
  Melee: Short sword       |   141 |   138 |    70 ||   349
         Dagger            |       |    68 |       ||    68
         Touch             |       |    38 |    48 ||    86
         Punch             |       |     1 |     3 ||     4
         Rapier            |       |       |   155 ||   155
  Throw: Boomerang         |    13 |       |       ||    13
 Invoke: Draw Destruction  |       |       |     4 ||     4
         Draw Escape       |       |       |     2 ||     2
         Triple Draw       |       |       |     1 ||     1
    Use: Potion            |     2 |     2 |     3 ||     7
 Armour: Robe              |    45 |       |       ||    45
         Leather armour    |    26 |     4 |       ||    30
         Ring mail         |       |   110 |   114 ||   224
  Dodge: Dodged            |   102 |   158 |   171 ||   431

Table legend: (Time is in decaauts)
 A = Elapsed time spent in this place.
 B = Non-inter-level travel time spent in this place.
 C = Inter-level travel time spent in this place.
 D = Time resting spent in this place.
 E = Time spent auto-exploring this place.
 F = Levels seen in this place.
 G = Mean time per level.
                   A        B        C        D        E       F      G
               +--------+--------+--------+--------+--------+-----+--------+
         Total |   4248 |   3840 |    408 |      0 |   2424 |   6 |  708.0 |
       Dungeon |   3826 |   3418 |    408 |      0 |   2245 |   5 |  765.2 |
       Ossuary |    421 |    421 |      0 |      0 |    179 |   1 |  421.0 |
               +--------+--------+--------+--------+--------+-----+--------+

Top non-repeatable levels by time:
     D:4: 1447 daAuts
     D:3: 763 daAuts
     D:2: 752 daAuts
     D:1: 618 daAuts
 Ossuary: 421 daAuts
     D:5: 244 daAuts
